General information
- name: BNet
- type: Ladder team game (AT/RT)
- host: Battle.net
- saver: teelo
map: Deadlock
- players: 8
- length: 43:02
- speed: Fast
- version: 1.26 W3XP
- replay type: Public
» download(263 KB)
Players
team 1 (winner)

»
HunterMoore.tv (
yellow | 68 APM | 2944 actions | 43:01)
10 Death Knight
3 Death Coil
3 Unholy Aura
1 Animate Dead
3 Death Pact
9 Lich
3 Frost Nova
3 Frost Armor
1 Death and Decay
2 Dark Ritual
» actions
| Assign group hotkey | 94 | |
| Build / train | 90 | |
| Enter build submenu | 43 | |
| Enter hero's abilities submenu | 19 | |
| Give item / drop item | 4 | |
| Remove unit from queue | 1 | |
| Right click | 1233 | |
| Select / deselect | 220 | |
| Select group hotkey | 1094 | |
| Use ability | 146 | |
2944 total
» units
| Acolyte | 15 | |
| Ghoul | 9 | |
| Frost Wyrm | 6 | |
30 total
» upgrades
| Creature Attack | 3 | |
| Creature Carapace | 2 | |
5 total
» buildings
| Crypt | 1 | |
| Altar of Darkness | 1 | |
| Ziggurat | 18 | |
| Graveyard | 1 | |
| Nerubian Tower | 1 | |
| Tomb of Relics | 1 | |
| Halls of the Dead | 2 | |
| Spirit Tower | 2 | |
| Black Citadel | 1 | |
| Sacrificial Pit | 2 | |
| Boneyard | 6 | |
| Necropolis | 2 | |
38 total
» build order
00:19 Crypt
00:33 Altar of Darkness
00:38 Ziggurat
01:09 Graveyard
01:36 Nerubian Tower
01:49 Ziggurat
02:15 Tomb of Relics
04:25 Ziggurat
05:35 Halls of the Dead
05:50 Ziggurat
07:08 Spirit Tower
07:57 Black Citadel
08:41 Sacrificial Pit
09:19 Ziggurat
10:01 Ziggurat
10:03 Ziggurat
10:04 Ziggurat
10:06 Ziggurat
10:41 Boneyard
10:44 Boneyard
10:46 Boneyard
14:26 Spirit Tower
21:11 Ziggurat
21:13 Ziggurat
21:14 Ziggurat
21:15 Ziggurat
21:57 Sacrificial Pit
27:12 Boneyard
27:14 Boneyard
27:15 Boneyard
31:07 Ziggurat
31:14 Ziggurat
31:15 Ziggurat
31:16 Ziggurat
35:12 Ziggurat
36:49 Necropolis
36:55 Necropolis
40:17 Halls of the Dead
» items
| Rod of Necromancy | 1 | |
| Orb of Corruption | 1 | |
| Potion of Healing | 3 | |
| Potion of Mana | 2 | |
| Scroll of Regeneration | 3 | |
| Lesser Clarity Potion | 6 | |
| Scroll of Town Portal | 4 | |
| Scroll of Healing | 5 | |
| Orb of Fire | 1 | |
26 total

»
teelo (
red | 69 APM | 2977 actions | 43:02)
10 Blood Mage
3 Flame Strike
3 Siphon Mana
1 Summon Phoenix
3 Banish
» actions
| Assign group hotkey | 378 | |
| Basic commands | 237 | |
| Build / train | 149 | |
| ESC pressed | 8 | |
| Enter build submenu | 47 | |
| Enter hero's abilities submenu | 10 | |
| Give item / drop item | 1 | |
| Right click | 893 | |
| Select / deselect | 416 | |
| Select group hotkey | 606 | |
| Use ability | 232 | |
2977 total
» units
| Peasant | 17 | |
| Footman | 12 | |
| Sorceress | 9 | |
| Rifleman | 19 | |
57 total
» upgrades
| Masonry | 3 | |
| Lumber Harvesting | 2 | |
| Defend | 1 | |
| Sorceress Training | 2 | |
| Magic Sentry | 1 | |
| Swords | 3 | |
| Plating | 5 | |
| Long Rifles | 1 | |
| Gunpowder | 3 | |
| Armor | 3 | |
24 total
» buildings
| Altar of Kings | 1 | |
| Farm | 12 | |
| Barracks | 4 | |
| Lumber Mill | 2 | |
| Scout Tower | 20 | |
| Arcane Tower | 2 | |
| Arcane Vault | 2 | |
| Keep | 2 | |
| Town Hall | 4 | |
| Guard Tower | 13 | |
| Blacksmith | 2 | |
| Arcane Sanctum | 1 | |
| Castle | 1 | |
66 total
» build order
00:26 Altar of Kings
00:37 Farm
01:00 Barracks
01:11 Farm
01:42 Lumber Mill
01:46 Scout Tower
02:01 Farm
02:18 Arcane Tower
02:29 Arcane Vault
04:06 Keep
04:49 Town Hall
04:50 Scout Tower
05:10 Scout Tower
05:41 Guard Tower
05:42 Guard Tower
05:49 Guard Tower
06:08 Blacksmith
06:17 Scout Tower
06:43 Scout Tower
06:47 Guard Tower
06:57 Arcane Sanctum
07:15 Guard Tower
07:41 Farm
08:19 Lumber Mill
09:27 Castle
09:42 Guard Tower
09:56 Barracks
09:56 Barracks
09:57 Barracks
12:08 Guard Tower
13:25 Farm
13:26 Farm
13:26 Farm
13:28 Farm
13:28 Farm
13:51 Keep
14:35 Scout Tower
14:35 Scout Tower
14:37 Scout Tower
14:38 Scout Tower
14:39 Scout Tower
14:41 Scout Tower
14:44 Scout Tower
14:45 Scout Tower
14:46 Scout Tower
15:30 Guard Tower
15:33 Guard Tower
16:54 Arcane Tower
17:08 Blacksmith
17:44 Guard Tower
18:52 Farm
18:52 Farm
18:55 Farm
22:45 Scout Tower
22:47 Scout Tower
22:48 Scout Tower
22:49 Scout Tower
22:50 Scout Tower
23:16 Guard Tower
23:18 Guard Tower
24:08 Town Hall
24:33 Town Hall
27:02 Guard Tower
27:29 Arcane Vault
40:45 Town Hall
» items
| Scroll of Regeneration | 10 | |
| Lesser Clarity Potion | 7 | |
| Boots of Speed | 1 | |
| Staff of Teleportation | 1 | |
| Potion of Invisibility | 1 | |
| Potion of Lesser Invulnerability | 1 | |
| Ivory Tower | 4 | |
| Potion of Healing | 4 | |
| Potion of Mana | 4 | |
| Orb of Fire | 1 | |
| Scroll of Town Portal | 4 | |
| Staff of Sanctuary | 1 | |
39 total

»
Popsone (
purple | 31 APM | 1324 actions | 43:01)
5 Paladin
2 Holy Light
3 Divine Shield
» actions
| Assign group hotkey | 9 | |
| Build / train | 38 | |
| Enter build submenu | 16 | |
| Enter hero's abilities submenu | 5 | |
| Give item / drop item | 1 | |
| Right click | 929 | |
| Select / deselect | 134 | |
| Select group hotkey | 123 | |
| Use ability | 68 | |
1324 total
» units
| Peasant | 10 | |
| Footman | 5 | |
| Gryphon Rider | 3 | |
18 total
» upgrades
| Defend | 1 | |
| Masonry | 1 | |
| Swords | 2 | |
| Armor | 2 | |
| Storm Hammers | 1 | |
7 total
» buildings
| Barracks | 1 | |
| Farm | 7 | |
| Lumber Mill | 2 | |
| Altar of Kings | 1 | |
| Scout Tower | 1 | |
| Arcane Tower | 1 | |
| Keep | 1 | |
| Blacksmith | 1 | |
| Arcane Vault | 1 | |
| Castle | 1 | |
| Gryphon Aviary | 2 | |
19 total
» build order
00:10 Barracks
00:15 Farm
00:49 Farm
01:08 Lumber Mill
01:14 Altar of Kings
02:06 Farm
02:30 Scout Tower
03:03 Arcane Tower
04:12 Keep
04:19 Blacksmith
04:26 Farm
04:55 Arcane Vault
06:34 Castle
06:41 Gryphon Aviary
06:49 Lumber Mill
07:11 Farm
08:06 Gryphon Aviary
08:38 Farm
09:26 Farm
» items
| Scroll of Town Portal | 1 | |
| Scroll of Regeneration | 1 | |
| Staff of Teleportation | 1 | |
| Orb of Venom | 1 | |
4 total

»
AdRiAnO (
pink | 31 APM | 1330 actions | 43:01)
4 Demon Hunter
2 Immolation
2 Evasion
» actions
| Assign group hotkey | 26 | |
| Basic commands | 166 | |
| Build / train | 128 | |
| ESC pressed | 1 | |
| Enter build submenu | 38 | |
| Enter hero's abilities submenu | 4 | |
| Remove unit from queue | 4 | |
| Right click | 291 | |
| Select / deselect | 427 | |
| Select group hotkey | 139 | |
| Use ability | 106 | |
1330 total
» units
| Wisp | 44 | |
| Huntress | 7 | |
| Mountain Giant | 2 | |
| Razormane Medicine Man | 2 | |
| Dryad | 25 | |
| Hippogryph | 16 | |
| Chimaera | 7 | |
103 total
» upgrades
| Ultravision | 1 | |
| Sentinel | 1 | |
| Abolish Magic | 1 | |
| Well Spring | 1 | |
| Corrosive Breath | 1 | |
5 total
» buildings
| Moon Well | 23 | |
| Hunter's Hall | 2 | |
| Altar of Elders | 3 | |
| Ancient Protector | 2 | |
| Ancient of War | 2 | |
| Ancient of Wonders | 2 | |
| Tree of Ages | 2 | |
| Tree of Life | 6 | |
| Ancient of Lore | 2 | |
| Ancient of Wind | 3 | |
| Tree of Eternity | 2 | |
| Chimaera Roost | 2 | |
51 total
» build order
00:12 Moon Well
00:35 Hunter's Hall
01:36 Altar of Elders
02:12 Ancient Protector
02:19 Ancient Protector
02:38 Ancient of War
02:45 Ancient of Wonders
03:35 Moon Well
03:40 Moon Well
03:45 Moon Well
03:53 Moon Well
04:07 Moon Well
04:29 Moon Well
04:43 Moon Well
05:17 Tree of Ages
07:36 Tree of Life
09:09 Ancient of Lore
09:16 Ancient of Wind
09:20 Ancient of Lore
11:34 Tree of Life
13:12 Tree of Life
17:06 Tree of Eternity
23:03 Tree of Life
24:45 Tree of Life
24:56 Ancient of War
25:07 Altar of Elders
26:02 Tree of Ages
26:19 Moon Well
26:21 Moon Well
26:22 Moon Well
26:23 Moon Well
26:25 Moon Well
26:26 Moon Well
26:28 Moon Well
26:30 Moon Well
26:49 Ancient of Wonders
28:05 Hunter's Hall
29:13 Ancient of Wind
29:15 Tree of Eternity
29:28 Ancient of Wind
30:33 Moon Well
30:36 Moon Well
30:37 Moon Well
30:38 Moon Well
30:39 Moon Well
30:41 Moon Well
30:42 Moon Well
32:01 Tree of Life
32:34 Chimaera Roost
32:43 Chimaera Roost
34:56 Altar of Elders
» items
| Scroll of Town Portal | 3 | |
| Moonstone | 2 | |
| Orb of Venom | 1 | |
| Potion of Healing | 2 | |
| Potion of Mana | 1 | |
9 total
team 2 (loser)

»
xXElfflEXx (
green | 39 APM | 1532 actions | 38:54)
9 Tauren Chieftain
3 Shockwave
3 Endurance Aura
1 Reincarnation
2 War Stomp
5 Shadow Hunter
3 Healing Wave
2 Hex
» actions
| Assign group hotkey | 14 | |
| Basic commands | 73 | |
| Build / train | 76 | |
| Enter build submenu | 21 | |
| Enter hero's abilities submenu | 15 | |
| Give item / drop item | 1 | |
| Right click | 742 | |
| Select / deselect | 322 | |
| Select group hotkey | 166 | |
| Use ability | 102 | |
1532 total
» units
| Peon | 16 | |
| Grunt | 11 | |
| Shaman | 3 | |
| Troll Witch Doctor | 5 | |
| Tauren | 5 | |
40 total
» upgrades
| Melee Weapons | 2 | |
| Armor | 2 | |
| Shaman Training | 2 | |
| Witch Doctor Training | 2 | |
| Pulverize | 1 | |
| Berserker Strength | 1 | |
10 total
» buildings
| Altar of Storms | 1 | |
| Orc Burrow | 9 | |
| Barracks | 1 | |
| Voodoo Lounge | 1 | |
| War Mill | 1 | |
| Stronghold | 1 | |
| Great Hall | 2 | |
| Fortress | 1 | |
| Spirit Lodge | 2 | |
| Tauren Totem | 2 | |
21 total
» build order
00:04 Altar of Storms
00:07 Orc Burrow
00:46 Barracks
01:36 Orc Burrow
02:44 Voodoo Lounge
03:26 Orc Burrow
04:26 War Mill
04:45 Orc Burrow
04:47 Orc Burrow
05:33 Stronghold
06:06 Great Hall
09:12 Fortress
09:17 Spirit Lodge
09:19 Spirit Lodge
09:26 Orc Burrow
09:28 Orc Burrow
12:14 Tauren Totem
12:15 Tauren Totem
18:55 Orc Burrow
18:57 Orc Burrow
24:37 Great Hall
» items
| Circlet of Nobility | 1 | |
| Healing Salve | 2 | |
| Scroll of Town Portal | 3 | |
| Orb of Lightning | 1 | |
| Lesser Clarity Potion | 1 | |
8 total
Oshlt (
teal | 50 APM | 1906 actions | 38:20)
9 Priestess of the Moon
3 Searing Arrows
3 Trueshot Aura
1 Starfall
2 Scout
» actions
| Basic commands | 99 | |
| Build / train | 144 | |
| Enter build submenu | 25 | |
| Enter hero's abilities submenu | 9 | |
| Remove unit from queue | 4 | |
| Right click | 834 | |
| Select / deselect | 639 | |
| Use ability | 152 | |
1906 total
» units
| Wisp | 35 | |
| Archer | 19 | |
| Hippogryph | 30 | |
| Chimaera | 8 | |
92 total
» upgrades
| Strength of the Moon | 2 | |
| Moon Armor | 2 | |
| Improved Bows | 1 | |
| Hippogryph Taming | 1 | |
| Marksmanship | 1 | |
| Strength of the Wild | 3 | |
| Reinforced Hides | 2 | |
| Corrosive Breath | 1 | |
13 total
» buildings
| Altar of Elders | 1 | |
| Moon Well | 5 | |
| Ancient of War | 3 | |
| Hunter's Hall | 1 | |
| Ancient of Wonders | 1 | |
| Tree of Ages | 2 | |
| Tree of Life | 6 | |
| Ancient of Wind | 2 | |
| Tree of Eternity | 2 | |
| Chimaera Roost | 2 | |
| Ancient Protector | 1 | |
26 total
» build order
00:21 Altar of Elders
00:23 Moon Well
01:26 Ancient of War
01:30 Ancient of War
01:49 Moon Well
02:08 Hunter's Hall
02:33 Ancient of War
02:37 Ancient of Wonders
03:57 Tree of Ages
03:57 Tree of Ages
05:21 Moon Well
05:22 Moon Well
05:24 Moon Well
06:16 Tree of Life
06:18 Tree of Life
06:25 Ancient of Wind
06:30 Ancient of Wind
11:43 Tree of Eternity
13:56 Tree of Life
16:52 Tree of Life
17:05 Tree of Life
17:42 Chimaera Roost
17:43 Chimaera Roost
18:59 Tree of Life
32:15 Ancient Protector
» items
| Scroll of Town Portal | 5 | |
| Potion of Healing | 5 | |
| Anti-magic Potion | 3 | |
| Scroll of Speed | 1 | |
| Moonstone | 1 | |
| Potion of Mana | 1 | |
16 total
MountainWing (
orange | 27 APM | 1173 actions | 43:00)
4 Mountain King
2 Storm Bolt
2 Bash
» actions
| Assign group hotkey | 16 | |
| Build / train | 81 | |
| Enter build submenu | 20 | |
| Enter hero's abilities submenu | 4 | |
| Remove unit from queue | 1 | |
| Right click | 750 | |
| Select / deselect | 225 | |
| Select group hotkey | 24 | |
| Use ability | 51 | |
1173 total
» units
| Peasant | 14 | |
| Footman | 11 | |
| Rifleman | 30 | |
| Flying Machine | 11 | |
66 total
» upgrades
» buildings
| Altar of Kings | 2 | |
| Farm | 10 | |
| Barracks | 2 | |
| Lumber Mill | 1 | |
| Blacksmith | 1 | |
| Arcane Vault | 1 | |
| Keep | 1 | |
| Town Hall | 1 | |
| Scout Tower | 3 | |
| Guard Tower | 2 | |
| Workshop | 1 | |
25 total
» build order
00:05 Altar of Kings
00:14 Farm
00:26 Farm
01:13 Barracks
01:32 Lumber Mill
01:57 Farm
02:07 Blacksmith
03:22 Arcane Vault
04:09 Keep
06:06 Town Hall
06:24 Farm
06:24 Farm
06:27 Scout Tower
06:29 Farm
06:34 Scout Tower
06:36 Farm
06:36 Farm
06:37 Farm
06:38 Farm
08:22 Guard Tower
08:30 Workshop
37:14 Altar of Kings
38:38 Barracks
38:46 Scout Tower
39:26 Guard Tower
» items
| Scroll of Regeneration | 3 | |
| Potion of Healing | 3 | |
6 total

»
Morrison_hotel (
blue | 57 APM | 2066 actions | 36:22)
5 Archmage
3 Summon Water Elemental
2 Brilliance Aura
» actions
| Assign group hotkey | 7 | |
| Basic commands | 1 | |
| Build / train | 110 | |
| Enter build submenu | 31 | |
| Enter hero's abilities submenu | 5 | |
| Remove unit from queue | 6 | |
| Right click | 1221 | |
| Select / deselect | 575 | |
| Select group hotkey | 28 | |
| Use ability | 82 | |
2066 total
» units
| Peasant | 30 | |
| Footman | 6 | |
| Centaur Outrunner | 1 | |
| Rifleman | 5 | |
| Mortar Team | 2 | |
| Siege Engine | 17 | |
| Knight | 3 | |
64 total
» upgrades
| Defend | 1 | |
| Swords | 0 | |
| Gunpowder | 3 | |
| Plating | 3 | |
| Masonry | 2 | |
| Long Rifles | 1 | |
| Barrage | 1 | |
11 total
» buildings
| Altar of Kings | 1 | |
| Farm | 13 | |
| Barracks | 1 | |
| Scout Tower | 4 | |
| Arcane Vault | 2 | |
| Arcane Tower | 2 | |
| Blacksmith | 2 | |
| Lumber Mill | 1 | |
| Keep | 1 | |
| Town Hall | 1 | |
| Workshop | 3 | |
| Castle | 2 | |
| Guard Tower | 2 | |
35 total
» build order
00:08 Altar of Kings
00:19 Farm
00:27 Barracks
01:29 Farm
01:33 Scout Tower
01:52 Arcane Vault
02:04 Arcane Tower
02:32 Blacksmith
04:01 Scout Tower
04:05 Lumber Mill
04:16 Farm
04:29 Farm
04:49 Arcane Tower
06:20 Farm
07:32 Keep
07:40 Town Hall
08:33 Scout Tower
08:34 Scout Tower
10:28 Workshop
10:31 Castle
10:46 Workshop
11:30 Guard Tower
11:46 Farm
13:21 Workshop
15:44 Farm
16:01 Farm
16:38 Farm
17:26 Farm
17:53 Blacksmith
19:08 Farm
19:10 Farm
19:11 Farm
24:08 Arcane Vault
29:43 Guard Tower
» items
| Scroll of Regeneration | 5 | |
| Lesser Clarity Potion | 1 | |
| Scroll of Town Portal | 4 | |
| Potion of Healing | 2 | |
| Ivory Tower | 3 | |
15 total
Chat log
(00:33 / Allies) teelo: siege and shit
(00:42 / Allies) Popsone: gryphs
(00:45 / All) HunterMoore.tv: Do lines and fuck dimes
(00:54 / All) xXElfflEXx: i only get nickels
(00:55 / All) teelo: see a penny, pick her up, and all the day you'll have good luck
(00:55 / All) Oshlt: i like that motto
(01:18 / Allies) HunterMoore.tv: red help me clear
(01:22 / Allies) teelo: no
(01:23 / Allies) teelo: yellow
(01:25 / Allies) teelo: help ME clear
(01:27 / Allies) teelo: ahueauheauehuaheuah.
(01:34 / Allies) HunterMoore.tv: ok ... but im expoing it
(01:43 / All) Oshlt: fuck a fat bitch so u can get her hot skinny friend
(01:53 / All) HunterMoore.tv: no
(01:55 / All) HunterMoore.tv: thats dumb
(01:57 / All) Oshlt: yep
(02:00 / All) xXElfflEXx: i dont think thats how it works.
(02:01 / All) Oshlt: it works
(02:01 / All) HunterMoore.tv: just do lines and fuck dimes
(02:18 / All) Oshlt: but u cant always get dimes
(02:24 / All) HunterMoore.tv: yesyou can
(02:27 / All) Oshlt: def not
(02:28 / All) HunterMoore.tv: unless youre fucking ugly
(02:54 / All) Oshlt: i live in atlanta and u still cant get consistent dimes
(03:05 / All) xXElfflEXx: well, it's atlanta.
(03:09 / All) HunterMoore.tv: youre one ugly some of a bitch
(03:11 / All) Oshlt: you carzy
(03:12 / All) xXElfflEXx: all it's got is the weather channel
(03:40 / All) Oshlt: i pull chicks all day im just saying a dime is a chick that has a good personality and looks
(03:44 / All) Oshlt: i know damn well u dont pull that
(03:50 / All) HunterMoore.tv: bet me?
(03:54 / All) Oshlt: bet
(03:58 / All) HunterMoore.tv: you have twitter?
(03:59 / All) Oshlt: how old are ou
(04:01 / All) Oshlt: 12
(04:03 / All) xXElfflEXx: internet bet!
(04:05 / All) HunterMoore.tv: lol
(04:12 / All) HunterMoore.tv: twitter.com/huntermoore look me up fool
(04:22 / All) Oshlt: u got fabo
(04:36 / All) Oshlt: look me up i hagn with bad bitchs daily doesnt mean there dimes
(04:42 / All) HunterMoore.tv: bro
(04:47 / All) HunterMoore.tv: look up my twitter
(04:50 / All) HunterMoore.tv: i promise you
(04:52 / All) xXElfflEXx: do you even lift?
(04:53 / All) HunterMoore.tv: youll enjoy
(05:00 / All) Oshlt: i am 6'3 200
(05:09 / All) Oshlt: bench 245
(05:10 / All) xXElfflEXx: bro, do you even bro?
(05:40 / All) Oshlt: i uset to play college ball
(05:49 / All) xXElfflEXx: foosball*
(05:51 / All) Oshlt: who would u consider that is a movie star
(05:54 / All) teelo: you used to dance in college?
(05:55 / All) Oshlt: that is a dime piece
(06:32 / Allies) teelo: you going to tower that expo up yellow
(06:33 / All) xXElfflEXx: but seriously, bro, do you even lift?
(06:42 / All) Oshlt: i just said yes
(06:43 / All) Morrison_hotel: u guys are all fags
(06:47 / All) Morrison_hotel: ffs
(06:52 / All) MountainWing: i lift helium balloons :)
(06:56 / All) HunterMoore.tv: shut up blue you dont lift either
(06:59 / All) xXElfflEXx: like homofags or internet fags?
(07:00 / All) Morrison_hotel: no
(07:02 / All) Morrison_hotel: i dont
(07:05 / All) Morrison_hotel: i did in jail
(07:08 / All) Morrison_hotel: got sick of it
(07:12 / All) Oshlt: i lift daily
(07:14 / All) HunterMoore.tv: 'in jail'
(07:20 / All) HunterMoore.tv: lol ive been to jail to bitch
(07:22 / All) HunterMoore.tv: so what
(07:39 / All) xXElfflEXx: (means he can shank you in game, hero ability for felons)
(07:46 / All) Oshlt: a dime is a girl that has everything looks and personality not just looks
(07:48 / All) Morrison_hotel: lol
(08:12 / All) xXElfflEXx: eat dat pussy, teal.
(08:34 / All) xXElfflEXx: pink doesnt even lift
(08:49 / Allies) teelo: lol
(08:51 / Allies) teelo: 4 peasants on gold
(08:53 / All) Morrison_hotel: nobody gives a fuck how strong you are
(08:57 / All) HunterMoore.tv: i do
(08:59 / All) HunterMoore.tv: i care
(09:02 / All) HunterMoore.tv: how strong pink is
(09:05 / All) xXElfflEXx: me too.
(09:07 / All) Morrison_hotel: becuase u have inferiority complex
(09:12 / All) Morrison_hotel: lol.
(09:32 / All) HunterMoore.tv: wtf is orange doing
(09:36 / All) HunterMoore.tv: is he alive?
(09:38 / All) xXElfflEXx: bro do you even bro?
(09:49 / Allies) AdRiAnO: gogogo
(10:46 / All) xXElfflEXx: purple obviously doesnt lift
(10:58 / Allies) HunterMoore.tv: wood me
(11:00 / All) Morrison_hotel: Lol
(11:17 / All) xXElfflEXx: red lifts so hard
(11:19 / All) xXElfflEXx: mass hero
(11:56 / All) xXElfflEXx: are you username ladiesman217?
(12:49 / Allies) HunterMoore.tv: blue is such an idiot
(12:50 / All) xXElfflEXx: dude red lifts
(12:52 / Allies) HunterMoore.tv: yoru flame strike
(12:54 / Allies) HunterMoore.tv: is raping
(12:56 / All) Morrison_hotel: you fags all probably post on lifting colomns all day
(13:12 / All) xXElfflEXx: i heard yellows a total lift twink
(14:02 / Allies) teelo: they're heading to yellow
(15:03 / All) xXElfflEXx: purple is bitterberry
(15:38 / All) xXElfflEXx: we can do this all day
(17:25 / All) xXElfflEXx: ohmahgawd
(17:29 / All) xXElfflEXx: purple doesnt even lift
(18:25 / All) HunterMoore.tv: oj no lift?
(18:33 / All) Oshlt: he never picked up a weight
(18:36 / All) teelo: the consequences will never be the same
(18:39 / All) HunterMoore.tv: fuck man
(19:00 / All) MountainWing: i lift your mums...ouch
(19:11 / All) xXElfflEXx: whats an ouch?
(19:15 / All) HunterMoore.tv: rofl
(19:17 / All) HunterMoore.tv: ^ this
(19:26 / All) MountainWing: trying to lift your mom
(19:30 / Allies) HunterMoore.tv: red go my expo
(20:07 / All) xXElfflEXx: ermahgerd
(20:44 / Allies) teelo: slow him
(20:45 / Allies) teelo: use the frosts
(20:49 / All) xXElfflEXx: yellow lifted. a bi.
(22:03 / Allies) Popsone: build in my base pink
(22:42 / Allies) Popsone: need 200 gold to get orb of venom please for anti air
(23:01 / Allies) Popsone: thx
(24:11 / Allies) HunterMoore.tv: go red
(24:29 / Allies) teelo: where the hell are the rest of you
(25:57 / All) xXElfflEXx: lolwut didnt lvl rein
(26:25 / All) xXElfflEXx: gtfo pally
(27:03 / All) xXElfflEXx: i eat your soul
(27:45 / Allies) teelo: lol
(27:45 / All) HunterMoore.tv: great tp
(27:46 / Allies) teelo: nice timing
(27:47 / All) HunterMoore.tv: ROFL
(28:27 / All) xXElfflEXx: whew.
(28:38 / All) xXElfflEXx: twat a risky venture.
(28:46 / Allies) HunterMoore.tv: red get ready to go to my base
(28:48 / Allies) teelo: where has green expanded to
(28:52 / Allies) Popsone: get wisps on pink in my base
(29:00 / Allies) HunterMoore.tv: red go
(30:11 / Allies) HunterMoore.tv: kill
(30:13 / Allies) HunterMoore.tv: kill
(30:14 / Allies) HunterMoore.tv: kill
(30:37 / Allies) Popsone: pink get wisps on the mine in my base please
(30:38 / Allies) teelo: fine
(30:39 / Allies) teelo: run away from him
(31:29 / Allies) AdRiAnO: any wood?
(31:49 / Allies) AdRiAnO: ty
(32:03 / Allies) AdRiAnO: lol ty
(32:31 / Allies) Popsone: there is 7440 gold in my mine for pink
(35:38 / All) xXElfflEXx: why not make useful units pink?
(35:52 / All) xXElfflEXx: ah theres the chim
(36:17 / Allies) teelo: lawl
(36:25 / All) MountainWing: gg
(36:26 / Allies) HunterMoore.tv: good job pink
(36:34 / Allies) AdRiAnO: thanks man
(36:37 / Allies) AdRiAnO: ^^
(36:56 / Allies) AdRiAnO: just surviving
(37:05 / All) xXElfflEXx: clever girl
(37:26 / All) xXElfflEXx: sweet success.
(37:35 / Allies) Popsone: 150 gold for hero please
(37:50 / Allies) Popsone: thx
(37:50 / All) HunterMoore.tv: teal doesnt even lift
(37:56 / Allies) teelo: kill teal
(37:58 / All) xXElfflEXx: no. not anymore.
(38:37 / Allies) teelo: greens got no more TPs
(38:38 / All) xXElfflEXx: someday
(38:38 / Allies) teelo: lets hunt him
(38:41 / All) xXElfflEXx: my team will make aa
(38:50 / All) xXElfflEXx: and the world will be a better place for tauren casters.
(39:27 / Allies) teelo: lol
(39:29 / Allies) teelo: makes a tower
(39:46 / All) teelo: why in the hell did blue have 4 peasants on gold all game
(40:05 / All) MountainWing: he was a sped
(40:35 / Allies) HunterMoore.tv: build expo
(41:33 / Allies) teelo: lol
(41:35 / Allies) teelo: hes making flying machines
(41:36 / Allies) teelo: nice
(42:36 / All) Popsone: sweet
(42:38 / Allies) HunterMoore.tv: green him
(42:47 / All) teelo: boom
(42:49 / All) teelo: banish baby
(42:57 / All) Popsone: bada bing